Zazza, neutral female human Tourist ------- d|.....| @|...<.| f|..`..| #|.....| ##-.....| ------- Zazza the Rambler Experience level: 1 Strength: 12 Dexterity: 10 Constitution: 13 Intelligence: 13 Wisdom: 11 Charisma: 18 Health: 0(15) Energy: 2(2) Def: 0 Gold: 1796 Moves: 2412 Dungeon seed: 0GqqJr6HNKl3TJhE Game ID: Zazza_1619191805 Your Inventory: Coins $ - 1796 gold pieces Weapons a - 39 +2 darts (in quiver) s - 2 +0 orcish daggers t - a +0 elven bow E - a +0 dagger Armor n - an uncursed +0 Hawaiian shirt (being worn) N - an uncursed +0 orcish helm Comestibles b - 8 uncursed food rations c - 3 uncursed tripe rations d - an uncursed carrot Spellbooks j - an uncursed spellbook of cause fear C - an uncursed spellbook of invisibility J - a blessed spellbook of extra healing Potions e - an uncursed potion of extra healing o - a cursed potion of confusion p - a blessed potion of oil r - an uncursed potion of blindness D - an uncursed potion of booze I - an uncursed potion of monster detection Tools g - an expensive camera (0:44) h - an uncursed credit card u - an uncursed lock pick H - an uncursed credit card Gems q - an uncursed worthless piece of blue glass y - 2 uncursed worthless pieces of violet glass z - an uncursed worthless piece of yellow glass F - 2 uncursed touchstones Y - an uncursed worthless piece of green glass Spells and supernatural/magical abilities: Name Level Category Fail Memory i - invisibility 4 escape 100% 97% W - pray for help -- divine ? -- Your skills at the end: Fighting Skills Weapon Skills dart [Basic] Spellcasting Skills Final Attributes: You were aligned. You are dead. Vanquished creatures: a floating eye 2 homunculi an orc zombie an iguana an acid blob a coyote 5 cave spiders a yellow mold a green mold 3 jackals 3 goblins 2 sewer rats 2 grid bugs 2 lichens 2 kobold zombies 5 newts 33 creatures vanquished. Voluntary challenges: You never hit with a wielded weapon. You read items or engraved 22 times, starting on turn 316. You never genocided any monsters. You never polymorphed an object. You never changed form. You used no wishes. You never split a pudding. You wrote Elbereth's name 1 time, starting on turn 1669. You never violated your personal moral code. Dungeon overview: The Dungeons of Doom: levels 1 to 7 Level 1 a long staircase Level 2 Level 3 a fountain stairs to The Gnomish Mines Level 4 a scroll shop Level 5 some fountains Level 6 Level 7 <- You were here The Gnomish Mines: Level 4 stairs to The Dungeons of Doom History has recorded: On T:1 you entered the Dungeons of Doom to retrieve the Amulet of Yendor! On T:466 you reached level 2 of The Dungeons of Doom. On T:838 you reached level 3 of The Dungeons of Doom. On T:1235 you reached level 1 of The Gnomish Mines. On T:1321 you reached level 4 of The Dungeons of Doom. On T:1374 you reached level 5 of The Dungeons of Doom. On T:2057 you reached level 6 of The Dungeons of Doom. On T:2399 you reached level 7 of The Dungeons of Doom. Score breakdown: Gold: 955 (10138 points) Experience: 1 level ( 0 points) Exploration: 7 levels ( 13.46%) (10289 points) Discoveries: 3 items ( 1.01%) ( 3010 points) Valuables value: (no points given unless you survive) Artifact value: 0 ( 0 points) Variety of kills: 16 monsters ( 4.20%) ( 6147 points) Turncount: 2412 turns ( -277 points) Survival: died (score multiplied by 80%) Total score: 23445 Latest messages: You displace Armand. The cave spider bites! You hit the cave spider. The cave spider bites! You miss the cave spider. The cave spider bites! You displace Armand. You hear some noises. It eats a cave spider corpse. You displace Armand. The dart hits the floating eye! You kill the floating eye! Armand eats a floating eye corpse. Armand picks up a +2 dart. Armand drops a +2 dart. You displace Armand. a - a +2 dart (in quiver). The door opens. The little dog bites! (2x) You miss the little dog. The little dog bites! You die... Final status: Aloha Zazza the Tourist, killed by a little dog... You died in The Dungeons of Doom on dungeon level 7 with 23445 points, and 1796 pieces of gold, after 2412 moves. You were level 1 with a maximum of 15 hit points when you died.